AoeStats
← goths king

Four Lakes

503153808Analyzed
4v4 RM · 1mo ago on Aug 30, 2026· 39m 35s· 8 players
Game mode
Random Map
Map size
Large (8 player)
Population
200
Speed
Normal
Resources
Standard
Victory
Conquest
Starting age
Dark Age
Ending age
Imperial Age
RankedLock teamsTeams togetherTeam positionsShared explorationLock speedFull tech treeHidden civsTurbo modeCheats
Victory
Defeat
🇹🇼 Wu · Taiwan
1578
+14
🇹🇼 Franks · Taiwan
1562
+14
🇹🇼 Japanese · Taiwan
1555
+15
🇨🇳 Khmer · China
1509
+17
🇺🇸 Magyars · United States
1547
-16
🇩🇪 Persians · Germany
1528
-15
🇩🇪 Maya · Germany
1515
-14
🇱🇰 Teutons · Sri Lanka
1510
-14
Boomer
7:31 Loom
9:45 Feudal Age
10:32 Double-Bit Axe
11:38 Town Watch
15:38 Scale Barding Armor
16:32 Bloodlines
18:14 Horse Collar
20:52 Castle Age
20:11 Gold Mining
21:32 Bow Saw
21:32 Husbandry
22:34 Chain Barding Armor
22:06 Fishing Lines
24:53 Heavy Plow
30:42 Forging
32:21 Iron Casting
33:18 Wheelbarrow
37:26 Imperial Age
35:06 Light Cavalry
36:34 Gold Shaft Mining
36:18 Hand Cart
37:06 Cavalier
38:23 Plate Barding Armor
39:23 Conscription
40:15 Blast Furnace
Osayi.
0:32 Loom
11:15 Feudal Age
11:54 Double-Bit Axe
13:13 Fletching
15:57 Gold Mining
18:00 Padded Archer Armor
20:57 Castle Age
22:01 Bow Saw
21:14 Crossbowman
22:12 Bodkin Arrow
24:11 Fishing Lines
29:20 Wheelbarrow
28:31 Town Watch
32:10 Ballistics
31:46 Stone Mining
34:01 Hand Cart
38:51 Imperial Age
36:38 Gillnets
37:22 Masonry
37:19 Horse Collar
39:26 Leather Archer Armor
39:03 Elite Plumed Archer
39:05 Arbalester
39:46 Bracer
INeedHelp
7:21 Loom
10:18 Feudal Age
10:55 Double-Bit Axe
13:23 Wheelbarrow
19:20 Horse Collar
22:02 Castle Age
22:10 Light Cavalry
23:04 Bloodlines
22:56 Scale Mail Armor
23:03 Scale Barding Armor
24:51 Bow Saw
28:04 Husbandry
38:48 Imperial Age
37:22 Chain Barding Armor
PunchiMan
6:16 Loom
8:48 Feudal Age
9:05 Loom
36:00 Castle Age
34:26 Town Watch
34:48 Fishing Lines
35:27 Horse Collar
35:32 Double-Bit Axe
40:03 Castle Age
MrLaoLiu
7:57 Loom
13:40 Feudal Age
14:53 Double-Bit Axe
18:53 Castle Age
18:44 Stone Mining
22:41 Bow Saw
24:24 Gold Mining
24:23 Fishing Lines
25:00 Scale Mail Armor
25:40 Forging
26:25 Gillnets
28:14 Wheelbarrow
29:30 Fletching
29:41 Horse Collar
32:52 Imperial Age
31:45 Bodkin Arrow
33:11 Gold Shaft Mining
32:40 Padded Archer Armor
33:16 Bloodlines
33:06 Husbandry
33:38 Ballistics
33:49 Thumb Ring
34:22 Parthian Tactics
35:14 Bracer
36:58 Heavy Cavalry Archer
38:45 Chemistry
38:03 Leather Archer Armor
hanson013
6:22 Loom
9:28 Feudal Age
9:38 Man-at-Arms
16:02 Double-Bit Axe
20:44 Castle Age
19:49 Scale Barding Armor
19:55 Forging
20:01 Forging
20:52 Scale Mail Armor
21:36 Squires
21:23 Fishing Lines
22:11 Chain Mail Armor
22:31 Iron Casting
29:18 Wheelbarrow
29:36 Gillnets
29:37 Town Watch
30:19 Stone Mining
30:32 Pikeman
31:09 Fletching
36:58 Imperial Age
34:28 Bodkin Arrow
34:33 Padded Archer Armor
34:57 Gold Mining
36:05 Ballistics
37:20 Red Cliffs Tactics
37:50 Bracer
39:24 Leather Archer Armor
41:01 Chemistry
Sumi
7:36 Loom
9:41 Feudal Age
10:33 Double-Bit Axe
16:06 Scale Barding Armor
18:14 Forging
23:43 Castle Age
24:14 Gold Mining
23:52 Light Cavalry
24:33 Husbandry
24:55 Chain Barding Armor
25:09 Bow Saw
25:57 Wheelbarrow
30:29 Iron Casting
34:24 Imperial Age
34:24 Cavalier
35:41 Plate Barding Armor
goths king
11:37 Feudal Age
16:10 Castle Age
14:48 Double-Bit Axe
17:44 Bloodlines
20:42 Husbandry
22:17 Bow Saw
22:33 Forging
22:29 Scale Barding Armor
27:56 Gold Mining
27:56 Stone Mining
27:56 Gold Mining
27:56 Stone Mining
30:15 Chain Barding Armor
30:30 Iron Casting
30:50 Wheelbarrow
30:01 Loom
36:23 Masonry
41:05 Imperial Age
40:20 Gold Shaft Mining
39:35 Stone Mining
40:20 Gold Shaft Mining
39:35 Stone Mining
Connection lost

Rejoining the realm…

Still unreachable

The connection could not be restored.

Session expired

The server has moved on; the page needs a fresh start.